 Dungeon Crawl Stone Soup version 0.23.0 (webtiles) character file.

Game seed: 15617883109383276386

434 KoJIDuN the Poker (level 7, 0/61 HPs)
             Began as a Hill Orc Fighter on Feb 18, 2019.
             Slain by a worker ant (1 damage)
             ... on level 4 of the Dungeon.
             The game lasted 00:09:03 (2950 turns).

KoJIDuN the Poker (Hill Orc Fighter)                Turns: 2950, Time: 00:09:03

Health: 0/61       AC:  7    Str: 26    XL:     7   Next: 0%
Magic:  7/7        EV:  8    Int:  8    God:
Gold:   186        SH: 10    Dex: 10    Spells: 6/6 levels left

rFire    . . .     SeeInvis .   a - +0 trident
rCold    . . .     Gourm    .   c - +0 shield
rNeg     . . .     Faith    .   b - +0 scale mail
rPois    .         Spirit   .   (no helmet)
rElec    .         Reflect  .   o - scarf {cloud immunity}
rCorr    .         Harm     .   (no gloves)
MR       .....                  (no boots)
Stlth    ..........             (no amulet)
HPRegen  0.20/turn              (no ring)
MPRegen  0.10/turn              (no ring)

@: mighty, lethally poisoned (0 -> -5), slowed, very slow
A: no striking features
a: Convert to Beogh


You were on level 4 of the Dungeon.
You were not hungry.

You visited 1 branch of the dungeon, and saw 4 of its levels.

You collected 186 gold pieces.

Inventory:

Hand Weapons
 a - a +0 trident (weapon)
Armour
 b - a +0 scale mail (worn)
 c - a +0 shield (worn)
 o - a scarf of cloud immunity (worn)
Wands
 k - a wand of polymorph (10)
Scrolls
 e - 5 scrolls of identify {unknown}
 h - 3 scrolls of remove curse {unknown}
 l - a scroll of teleportation {unknown}
 m - a scroll of random uselessness {unknown}
 n - 3 scrolls of enchant armour {unknown}
 p - 4 scrolls of amnesia {unknown}
 t - 2 scrolls of magic mapping {unknown}
Potions
 d - 2 potions of might
 g - a potion of agility {unknown}
 i - 2 potions of curing {unknown}
 j - a potion of haste {unknown}
 q - a potion of lignification {unknown}
 r - 2 potions of brilliance {unknown}
 s - a potion of mutation {unknown}
Comestibles
 f - 7 rations


   Skills:
 + Level 5.1 Fighting
 + Level 5.6 Polearms
 + Level 3.9 Armour
 + Level 0.9 Dodging
 + Level 4.8 Shields


You had 6 spell levels left.
You didn't know any spells.
Your spell library was empty.

Dungeon Overview and Level Annotations

Branches:
Dungeon (4/15)             Temple (0/1) D:4

Altars:
Elyvilon

Portals:
Sewer: D:3


Message History

You are too injured to fight recklessly!
You are too injured to fight recklessly!
You are too injured to fight recklessly!
You closely miss the worker ant. The worker ant completely misses you.
The orc priest mumbles some strange prayers to Beogh against you.
Beogh smites you!
* * * LOW HITPOINT WARNING * * *
You block the worker ant's attack.
You puncture the worker ant!
The worker ant is heavily wounded.
You block the worker ant's attack. The worker ant bites you.
* * * LOW HITPOINT WARNING * * *
The worker ant bites you.
* * * LOW HITPOINT WARNING * * *
You are lethally poisoned!
The worker ant poisons you!
You feel very mighty all of a sudden.
* * * LOW HITPOINT WARNING * * *
You feel sick. The worker ant bites you.
You die...

#....####......#....##
#....'..#......#######
#....#..#......#
#####....####......#
..........#.##.....#
..........#..#.....#
........).#..#......
..........#..#
####....@ao.#
#.....#..#
#.....#..'..
#.....##......
#......## .P.P.#
#......+ ..>..#
#......# P.P.+
#......# ....#
########


You could see a worker ant and an orc priest.

Vanquished Creatures
  A howler monkey (D:4)
  A hound (D:3)
  An orc priest (D:4)
  3 orc wizards
  A worker ant (D:4)
  A hound skeleton (D:4)
  7 adders
  3 gnolls (D:4)
  2 oozes
  5 worms
  3 dart slugs
  5 leopard geckos
  14 orcs
  3 ball pythons
  5 giant cockroaches
  12 goblins
  6 hobgoblins
  2 quokkas
  6 bats
  5 frilled lizards
  5 kobolds
  4 rats
95 creatures vanquished.

Notes
Turn   | Place    | Note
-------+----------+-------------------------------------------
     0 | D:1      | KoJIDuN the Hill Orc Fighter began the quest for the Orb.
     0 | D:1      | Reached XP level 1. HP: 19/19 MP: 1/1
    99 | D:1      | Reached XP level 2. HP: 27/27 MP: 2/2
   650 | D:2      | Reached XP level 3. HP: 33/33 MP: 3/3
  1118 | D:2      | Reached XP level 4. HP: 26/41 MP: 4/4
  1597 | D:3      | Found a glowing drain.
  1685 | D:3      | Reached XP level 5. HP: 38/47 MP: 5/5
  2076 | D:4      | Found a white marble altar of Elyvilon.
  2088 | D:4      | Reached XP level 6. HP: 43/53 MP: 6/6
  2541 | D:4      | Reached skill level 5 in Fighting
  2541 | D:4      | Reached skill level 5 in Polearms
  2922 | D:4      | Found a staircase to the Ecumenical Temple.
  2936 | D:4      | Reached XP level 7. HP: 51/61 MP: 7/7
  2949 | D:4      | HP: 2/61 [worker ant (2)]
  2950 | D:4      | Slain by a worker ant

Skill      XL: |  1  2  3  4  5  6 |
---------------+-------------------+-----
Fighting       | 4 5 |  5.1
Polearms       | 3 4 5 |  5.6
Shields        | 4 |  4.8
Armour         | |  3.9
Dodging        | |  0.9

Action                   |  1- 3 |  4- 6 |  7- 9 || total
-------------------------+-------+-------+-------++-------
Melee: Trident           |   115 |   260 |    11 ||   386
  Use: Potion            |       |       |     1 ||     1
  Eat: Chunk             |       |     2 |       ||     2
       Ration            |       |     2 |       ||     2
Armor: Scale mail        |    34 |    77 |     5 ||   116
Dodge: Dodged            |    22 |    71 |     6 ||    99
Block: Shield            |    34 |   119 |     6 ||   159
